 Dungeon Crawl Stone Soup version 0.27-a0-1513-g2aaa0cc67b (webtiles) character file.

Game seed: 14888890537438719764

3287 Spaninq the Basher (level 9, 0/93 HPs)
             Began as a Troll Chaos Knight on July 9, 2021.
             Was a Plaything of Xom.
             Shot with a sling bullet by Joseph (5 damage)
             ... on level 7 of the Dungeon.
             The game lasted 00:20:16 (5311 turns).

Spaninq the Basher (Troll Chaos Knight)             Turns: 5311, Time: 00:20:16

Health: 0/93       AC: 10    Str: 24    XL:     9   Next: 69%
Magic:  8/8        EV: 10    Int:  8    God:    Xom [..*...]
Gold:   409        SH:  0    Dex: 10    Spells: 8/8 levels left

rFire    . . .     SeeInvis .   u - +4 quarterstaff (chaos)
rCold    . . .     Faith    .   (shield currently unavailable)
rNeg     . . .     Spirit   .   z - +0 steam dragon scales
rPois    .         Reflect  .   (helmet restricted)
rElec    .         Harm     .   m - +2 cloak
rCorr    .         Rampage  .   (gloves unavailable)
Will     +....                  (boots unavailable)
Stlth    +.........             (no amulet)
HPRegen  1.25/turn              x - ring of willpower
MPRegen  0.11/turn              (no ring)

@: no status effects
A: large, unfitting armour, claws 3, regeneration 1, shaggy fur 1, tough skin 1
a: Renounce Religion


You were on level 7 of the Dungeon.
You worshipped Xom.
You were a toy of Xom.
You visited 1 branch of the dungeon, and saw 7 of its levels.
You also visited: Ossuary.

You collected 409 gold pieces.

Inventory:

Hand Weapons
 l - a +1 whip of holy wrath
 u - a +4 quarterstaff of chaos (weapon)
Missiles
 a - 8 curare-tipped darts (quivered)
 b - 2 throwing nets
Armour
 m - a +2 cloak (worn)
 z - +0 steam dragon scales (worn)
Jewellery
 p - an amulet of faith
 x - a ring of willpower (left claw)
Wands
 n - a wand of digging (9)
 y - a wand of acid (7)
Scrolls
 c - 2 scrolls of identify
 i - a scroll of blinking
 k - a scroll of enchant armour
 o - a scroll of holy word
 w - 3 scrolls of teleportation
Potions
 d - 2 potions of attraction
 e - 2 potions of mutation
 f - a potion of brilliance {unknown}
 h - a potion of heal wounds
 j - 2 potions of curing
 q - 2 potions of flight {unknown}
 r - 2 potions of lignification {unknown}
 s - a potion of invisibility {unknown}
 t - a potion of magic
 v - a potion of ambrosia {unknown}
 A - a potion of might {unknown}
Miscellaneous
 g - a piece from Xom's chessboard (12/15)


   Skills:
 + Level 7.1 Fighting
 * Level 10.6 Maces & Flails
 - Level 1.9 Dodging


You had 8 spell levels left.
You didn't know any spells.
Your spell library contained the following spells:

 Spells                   Type           Power      Damage    Failure   Level
 Static Discharge         Conj/Air       0%         N/A       54%         2
 Summon Guardian Golem    Hex/Summ       0%         N/A       78%         3
 Lightning Bolt           Conj/Air       0%         1d11      100%        5
 Orb of Destruction       Conj           0%         N/A       100%        7
 Spellforged Servitor     Conj/Summ      0%         N/A       100%        7
 Maxwell's Capacitive Co  Air            0%         ∞         100%        8


Dungeon Overview and Level Annotations

Branches:
Dungeon (7/15)             Temple (0/1) D:7         Ossuary (visited)

Altars:
Cheibriados
Nemelex Xobeh

Shops:
D:1 [   D:4 ?

Portals:
Abyss: D:4

Annotations:
D:3 3 runed translucent doors, pokeman's ghost, amateur DEWz
D:4 2 transporters, muata's ghost, amateur OpBr
D:7 2 transporters, Joseph


Innate Abilities, Weirdness & Mutations

You are too large for most types of armour.
You have claws for hands.
Your natural rate of healing is unusually fast.
You are covered in fur. (AC +1)
You have tough skin. (AC +1)


Message History

The orc wizard is heavily wounded.
The orc wizard barely misses you.
You hit the orc wizard.
The orc wizard seems to slow down.
The orc wizard is almost dead.
The orc wizard points at you and mumbles some strange words.
The magic dart hits you.
You hit the orc wizard.
You kill the orc wizard!
Things that are here:
a +0 dagger; a +0 robe An orc comes into view.
It is wielding a +0 falchion.
Things that are here:
a +0 dagger; a +0 robe Joseph, a Mercenary comes into view.
He is wielding a +0 quarterstaff and wearing a +0 leather armour of cold resistance.
Joseph unwields a +0 quarterstaff.
Joseph wields a +0 hunting sling.
Joseph shoots a sling bullet.
The sling bullet hits you.
An orc warrior comes into view. It is wielding a +0 scimitar.
You thump the orc!
You kill the orc!
Joseph shoots a sling bullet.
The sling bullet hits you!
Joseph shoots a sling bullet.
The sling bullet hits you!
You see here a +0 falchion.
The orc warrior hits you with a +0 scimitar!
There is a fountain of clear blue water here.
Joseph shoots a sling bullet.
The sling bullet hits you!!
The orc warrior hits you with a +0 scimitar!
Joseph unwields a +0 hunting sling.
Joseph wields a +0 quarterstaff.
Joseph hits you with a +0 quarterstaff!
* * * LOW HITPOINT WARNING * * *
The orc warrior barely misses you.
You hit Joseph.
Joseph is lightly wounded.
Joseph hits you with a +0 quarterstaff!
* * * LOW HITPOINT WARNING * * *
The orc warrior hits you with a +0 scimitar!
* * * LOW HITPOINT WARNING * * *
Joseph unwields a +0 quarterstaff.
Joseph wields a +0 hunting sling.
Joseph shoots a sling bullet.
The sling bullet hits you.
You die...
Xom roars with laughter!

#...# #...# . #. .#+###
#...# . .##. #........
#...# .. ... +.......#
#.... ... #.####.......#
#.... ....#....⌠.......#
#....
.................##+####.
#......⌠@>.⌠.............
##...@......### #.......
###...o⌠)..#####.......
##.##.#......#.......
+.....+......+.......
##.####))....#....... ##
#.# ##)..###....... ..#
#.# #...# #....... #.#
#.# #...# #.......


You could see Joseph and an orc warrior.

Vanquished Creatures
  Harold (D:7)
  Maggie (D:6)
  A hog (shapeshifter) (D:6)
  Menkaure (D:7)
  A hornet zombie (D:6)
  An ice beast (D:6)
  3 necrophages (D:6)
  2 centaurs (D:6)
  An ogre (D:6)
  2 phantoms (D:6)
  A kobold brigand (D:7)
  2 bullfrogs
  2 scorpions (D:6)
  A killer bee (D:6)
  2 bullfrog zombies
  2 centaur zombies (Ossuary)
  Crazy Yiuf (D:4)
  2 hounds (D:5)
  4 bullfrog skeletons
  2 orc priests
  A jelly (D:6)
  3 centaur skeletons (D:6)
  2 iguanas
  3 orc wizards
  A hound skeleton (D:4)
  5 mummies (Ossuary)
  4 gnolls (D:5)
  6 adders
  An ufetubus (D:6)
  A worm (D:4)
  2 dart slugs (D:2)
  11 orcs
  An endoplasm (D:2)
  3 giant cockroaches
  6 goblins
  6 hobgoblins
  7 jackals
  4 quokkas
  5 ball pythons
  4 bats
  7 frilled lizards
  5 hobgoblin zombies (Ossuary)
  8 kobolds
  6 rats
135 creatures vanquished.

Vanquished Creatures (others)
  An ufetubus (D:5)
  An orc (D:5)
2 creatures vanquished.

Grand Total: 137 creatures vanquished

Notes
Turn   | Place    | Note
-------+----------+-------------------------------------------
     0 | D:1      | Spaninq the Troll Chaos Knight began the quest for the Orb.
     0 | D:1      | Reached XP level 1. HP: 22/22 MP: 0/0
    37 | D:1      | XOM: divination: magic mapping
    97 | D:1      | XOM: silly message
   129 | D:1      | Reached skill level 3 in Maces & Flails
   143 | D:1      | Reached XP level 2. HP: 29/29 MP: 1/1
   316 | D:1      | XOM: silly message
   454 | D:1      | Found Alotwe's Armour Boutique.
   775 | D:2      | XOM: potion effect (brilliance)
   781 | D:2      | Reached XP level 3. HP: 29/36 MP: 2/2
  1016 | D:2      | Reached skill level 4 in Maces & Flails
  1016 | D:2      | Reached XP level 4. HP: 44/45 MP: 3/3
  1021 | D:2      | Found a sparkling altar of Nemelex Xobeh.
  1662 | D:3      | Found a faded altar of an unknown god.
  1663 | D:3      | Found a runed translucent gate.
  1664 | D:3      | Found a runed translucent gate.
  1665 | D:3      | Found a runed translucent gate.
  1667 | D:3      | Noticed pokeman's ghost (amateur DEWz)
  1948 | D:3      | You fall into a shaft and drop 1 floor!
  2132 | D:4      | Found a transporter.
  2211 | D:3      | XOM: silly message
  2589 | D:4      | Noticed a small abomination
  2617 | D:4      | Found a one-way gate to the infinite horrors of the Abyss.
  2617 | D:4      | Noticed muata's ghost (amateur OpBr)
  2636 | D:4      | Found a transporter.
  2717 | D:4      | Found Mompiqow's Magic Scroll Emporium.
  2863 | D:4      | XOM: divination: detect creatures
  2891 | D:4      | XOM: silly message
  2894 | D:4      | Found a runed translucent door.
  2895 | D:4      | Noticed Crazy Yiuf
  2924 | D:4      | Killed Crazy Yiuf
  2925 | D:4      | Reached XP level 5. HP: 24/53 MP: 4/4
  3002 | D:5      | Entered Level 5 of the Dungeon
  3005 | D:5      | XOM: silly message
  3014 | D:5      | XOM: cast spell 'Shadow Creatures'
  3048 | D:5      | Reached skill level 5 in Maces & Flails
  3117 | D:5      | XOM: destruction
  3135 | D:5      | Reached XP level 6. HP: 28/62 MP: 5/5
  3158 | D:5      | XOM: divination: detect creatures
  3282 | D:5      | Found a sparkling altar of Nemelex Xobeh.
  3520 | D:6      | Reached skill level 6 in Maces & Flails
  3592 | D:6      | Found a sand-covered staircase.
  3601 | Ossuary  | Entered an ossuary
  3610 | Ossuary  | Reached XP level 7. HP: 26/70 MP: 6/6
  3612 | Ossuary  | XOM: scenery: create altars
  3908 | D:6      | XOM: fog
  3917 | D:6      | Reached skill level 7 in Maces & Flails
  3928 | D:6      | Reached skill level 5 in Fighting
  3932 | D:6      | Noticed Maggie
  3939 | D:6      | Killed Maggie
  3940 | D:6      | Reached XP level 8. HP: 80/80 MP: 7/7
  4051 | D:6      | Found a snail-covered altar of Cheibriados.
  4146 | D:6      | Reached skill level 8 in Maces & Flails
  4153 | D:6      | XOM: butterfly on damage
  4171 | D:6      | XOM: divination: detect items
  4229 | D:6      | Noticed a glowing shapeshifter
  4229 | D:6      | an ice beast changed into a glowing shapeshifter
  4229 | D:6      | Noticed a quicksilver ooze
  4229 | D:6      | a glowing shapeshifter changed into a quicksilver ooze
  4235 | D:6      | XOM: 1-stop teleportation journey
  4390 | D:6      | Noticed a wolf spider
  4392 | D:6      | Noticed an elephant
  4392 | D:6      | a wolf spider changed into an elephant
  4423 | D:6      | Noticed an eye of devastation
  4427 | D:6      | Reached skill level 9 in Maces & Flails
  4443 | D:6      | Noticed a dream sheep
  4443 | D:6      | a swamp worm changed into a dream sheep
  4444 | D:6      | a dream sheep changed into a floating eye
  4456 | D:6      | Noticed a harpy
  4469 | D:6      | a harpy changed into a hog
  4579 | D:6      | XOM: cast spell 'Summon Small Mammal'
  4590 | D:6      | XOM: smoke on damage
  4622 | D:6      | XOM: cast spell 'Leda's Liquefaction'
  4627 | D:6      | XOM: cast spell 'Olgreb's Toxic Radiance'
  4629 | D:6      | XOM: enchant monster (bad)
  4632 | D:6      | Reached XP level 9. HP: 37/89 MP: 8/8
  4958 | D:7      | XOM: cast spell 'Summon Small Mammal'
  5024 | D:7      | Identified the +0 leather armour "Ryrhiat" {rPois SInv}
  5040 | D:7      | Found a transporter.
  5051 | D:7      | Noticed a kobold demonologist
  5056 | D:7      | Found a transporter.
  5072 | D:7      | Noticed Harold
  5084 | D:7      | Killed Harold
  5085 | D:7      | Reached skill level 10 in Maces & Flails
  5236 | D:7      | Noticed Menkaure
  5243 | D:7      | Killed Menkaure
  5265 | D:7      | XOM: 1-stop teleportation journey
  5293 | D:7      | Found a staircase to the Ecumenical Temple.
  5303 | D:7      | Noticed Joseph
  5310 | D:7      | HP: 4/93 [orc warrior (8)]
  5311 | D:7      | Shot with a sling bullet by Joseph

Illustrated notes

Levels and vault maps discovered:
D:1:      minmay_arrival_up_and_down, layout_basic, serial_shops, shop
D:2:      layout_basic, basic_altar, grunt_decor_arrowhead, minmay_statues_item,
          nrook_campfire
D:3:      layout_loops_corners, ebering_ghost_rock_garden,
          hellmonk_ecumenical_altar_heavens_door
D:4:      layout_basic, gammafunk_ghost_abyssal_escape, serial_shops,
          nicolae_shop_trees, nrook_mini_vaults, uniq_crazy_yiuf_cottage
D:5:      layout_rooms, lemuel_tele_altar
D:6:      kennysheep_windowed_halls, layout_cave_pools,
          lemuel_coloured_pillars_altar, nicolae_ossuary_entry_ruins,
          uniq_maggie
D:7:      gammafunk_wand_slinger, layout_basic, nicolae_overflow_hidden_temple,
          temple_fountains, uniq_menkaure, uniq_joseph, uniq_harold

Skill      XL: |  1  2  3  4  5  6  7  8  9 |
---------------+----------------------------+-----
Maces & Flails | 3 4 5 6 7 9 10 | 10.6
Fighting       | 3 4 5 6 7 |  7.1
Dodging        | |  1.9

Action                   |  1- 3 |  4- 6 |  7- 9 || total
-------------------------+-------+-------+-------++-------
Melee: Mace              |    37 |       |       ||    37
       Whip              |    63 |   151 |       ||   214
       Quarterstaff      |       |    77 |   192 ||   269
Evoke: Piece from Xom's  |       |       |     4 ||     4
  Use: Scroll            |       |    10 |     2 ||    12
       Potion            |       |       |    12 ||    12
 Stab: Paralysed         |     1 |       |       ||     1
       Sleeping          |       |     1 |       ||     1
Armor: Robe              |    61 |    91 |   157 ||   309
       Steam dragon scal |       |       |     3 ||     3
Dodge: Dodged            |    32 |   136 |   176 ||   344

Table legend: (Time is in decaauts)
 A = Elapsed time spent in this place.
 B = Non-inter-level travel time spent in this place.
 C = Inter-level travel time spent in this place.
 D = Time resting spent in this place.
 E = Time spent auto-exploring this place.
 F = Levels seen in this place.
 G = Mean time per level.
                   A        B        C        D        E       F      G
               +--------+--------+--------+--------+--------+-----+--------+
         Total |   5307 |   4988 |    319 |    122 |   3243 |   8 |  663.4 |
       Dungeon |   5160 |   4841 |    319 |     95 |   3216 |   7 |  737.1 |
       Ossuary |    146 |    146 |      0 |     27 |     27 |   1 |  146.0 |
               +--------+--------+--------+--------+--------+-----+--------+

Top non-repeatable levels by time:
     D:6: 1249 daAuts
     D:3: 861 daAuts
     D:2: 771 daAuts
     D:4: 687 daAuts
     D:1: 673 daAuts
     D:5: 522 daAuts
     D:7: 396 daAuts
 Ossuary: 146 daAuts
